 Dungeon Crawl Stone Soup version 0.27-a0-512-g57cc695410 (webtiles) character file.

Game seed: 3215193793476374655

365 dickylongcocking the Cutter (level 6, -8/53 HPs)
             Began as a Draconian Abyssal Knight on Mar 3, 2021.
             Was a Believer of Lugonu.
             Killed from afar by a steam dragon (14 damage)
             ... with a ball of steam
             ... in a sewer.
             The game lasted 00:03:41 (4114 turns).

dickylongcocking the Cutter (DrAK)                  Turns: 4114, Time: 00:03:42

Health: -8/53      AC:  6    Str: 14    XL:     6   Next: 40%
Magic:  8/8        EV: 12    Int: 13    God:    Lugonu [**....]
Gold:   177        SH:  0    Dex: 12    Spells: 5/5 levels left

rFire    . . .     SeeInvis .   i - +1 falchion (protect)
rCold    . . .     Faith    .   (no shield)
rNeg     . . .     Spirit   .   (armour unavailable)
rPois    .         Reflect  .   (helmet restricted)
rElec    .         Harm     .   (no cloak)
rCorr    .         Rampage  .   (no gloves)
Will     .....                  (no boots)
Stlth    +.........             (no amulet)
HPRegen  0.17/turn              (no ring)
MPRegen  0.11/turn              (no ring)

@: about to teleport, very slow
A: unfitting armour, cold-blooded, AC +6
a: Renounce Religion, Depart the Abyss, Bend Space


You were in a sewer.
You worshipped Lugonu.
Lugonu was pleased with you.
You visited 1 branch of the dungeon, and saw 4 of its levels.
You visited the Abyss 1 time.
You also visited: Sewer.

You collected 177 gold pieces.

Inventory:

Hand Weapons
 a - a +1 short sword
 i - a +1 falchion of protection (weapon)
 l - a +1 dagger of speed
Wands
 n - a wand of polymorph (4)
Scrolls
 c - a scroll of immolation
 e - a scroll of fog
 f - a scroll of silence
 m - 2 scrolls of magic mapping
 o - a scroll of identify
Potions
 b - 2 potions of cancellation


   Skills:
 * Level 4.6 Fighting
 * Level 5.8 Short Blades
 - Level 2.1 Dodging
 + Level 2.9 Invocations


You had 5 spell levels left.
You didn't know any spells.
Your spell library contained the following spells:

 Spells                   Type           Power        Failure   Level
 Animate Skeleton         Necr           0%           30%         1
 Apportation              Tloc           0%           30%         1
 Corona                   Hex            0%           30%         1
 Summon Small Mammal      Summ           0%           30%         1


Dungeon Overview and Level Annotations

Branches:
Dungeon (4/15)              Sewer (1/1)
 Temple: D:4-7

Altars:
Qazlal


Innate Abilities, Weirdness & Mutations

Your plain brown scales are hard. (AC +6)
You cannot fit into any form of body armour.
You are cold-blooded and may be slowed by cold attacks.


Message History

Your unstable footing causes you to fumble your attack.
The steam dragon bites you!
* * * LOW HITPOINT WARNING * * *
The steam dragon claws you but does no damage.
The steam dragon barely misses you.
You riposte.
Your unstable footing causes you to fumble your attack.
The steam dragon closely misses you.
Unknown command.
Okay, then.
It was a potion of heal wounds.
You feel much better.
You are engulfed in a cloud of scalding steam.
The steam dragon barely misses you.
The steam dragon claws you but does no damage.
Unknown command.
Okay, then.
You are engulfed in a cloud of scalding steam.
* * * LOW HITPOINT WARNING * * *
Unknown command.
As you read the scroll labelled DIUMAB SATZUGI, it crumbles to dust.
The scroll dissolves into smoke.
It was a scroll of fog.
The steam dragon bites you but does no damage.
The steam dragon claws you but does no damage.
As you read the scroll labelled KAKKUGRILO, it crumbles to dust.
You hear a loud clanging noise!
It was a scroll of noise.
The steam dragon barely misses you. x2
Unknown command.
As you read the scroll labelled UJEVVISTAY, it crumbles to dust.
It is a scroll of amnesia.
You feel forgetful for a moment. The steam dragon misses you.
The steam dragon claws you.
* * * LOW HITPOINT WARNING * * *
Unknown command.
Unknown command.
As you read the scroll labelled YREAHI ETZU, it crumbles to dust.
You feel strangely unstable.
It was a scroll of teleportation.
The steam dragon completely misses you. The steam dragon closely misses you.
Unknown command.
The steam dragon breathes steam at you. The ball of steam hits you!
You die...

#..K≈≈..# #.≈K≈≈..# #.≈≈≈≈≈≈#
#≈K≈≈≈≈≈# #≈≈≈≈≈≈.# #.≈≈≈≈≈.#
#≈≈≈≈≈..#
########################..≈≈≈..#
†....≈≈≈≈≈≈≈≈≈§§@DK§≈K†≈≈≈≈≈≈≈.#
########################..≈≈≈..#
##.≈≈≈≈## #.≈≈≈.# #≈≈≈≈.###
#.≈≈≈..∩# #.≈≈≈.### #.≈≈≈.#
##≈≈≈##


You could see a steam dragon (catching breath) and a kobold.

Vanquished Creatures
  A sky beast (D:3)
  2 scorpions
  2 orc wizards (D:4)
  2 adders (D:2)
  A river rat (Sewer)
  3 oozes
  A dart slug (D:2)
  2 worms
  2 leopard geckos
  9 orcs
  8 giant cockroaches
  5 goblins
  7 hobgoblins
  3 jackals
  4 quokkas
  5 bats
  2 frilled lizards
  9 kobolds
  8 rats
76 creatures vanquished.

Vanquished Creatures (others)
  A starspawn tentacle (Abyss:2)
1 creature vanquished.

Grand Total: 77 creatures vanquished

Notes
Turn   | Place    | Note
-------+----------+-------------------------------------------
     0 | Abyss:1  | dickylongcocking the Draconian Abyssal Knight began the
                  | quest for the Orb.
     0 | Abyss:1  | Reached XP level 1. HP: 19/19 MP: 2/2
   104 | Abyss:2  | Noticed a tentacled starspawn
   106 | D:1      | Escaped the Abyss
   425 | D:1      | Reached XP level 2. HP: 25/26 MP: 3/3
   513 | D:1      | Reached skill level 3 in Short Blades
   602 | D:1      | Reached * piety under Lugonu
  1121 | D:2      | Reached XP level 3. HP: 19/31 MP: 4/4
  1354 | D:2      | Reached skill level 4 in Short Blades
  1821 | D:2      | Reached XP level 4. HP: 38/38 MP: 5/5
  1889 | D:3      | Reached ** piety under Lugonu
  2089 | D:3      | Noticed an earth elemental
  2092 | D:3      | Found a stormy altar of Qazlal.
  2094 | D:3      | Noticed an air elemental
  2094 | D:3      | Noticed a water elemental
  2094 | D:3      | Noticed a fire elemental
  2162 | D:3      | Reached skill level 5 in Short Blades
  2384 | D:3      | Noticed a sky beast
  2462 | D:3      | Killed a sky beast
  2463 | D:3      | Reached XP level 5. HP: 30/46 MP: 6/6
  3395 | D:4      | Reached XP level 6. HP: 29/52 MP: 7/7
  3955 | D:4      | Found a glowing drain.
  3960 | Sewer    | Entered a sewer
  4100 | Sewer    | Noticed a steam dragon
  4100 | Sewer    | a kobold brigand changed into a steam dragon
  4114 | Sewer    | Killed from afar by a steam dragon

Illustrated notes

Levels and vault maps discovered:
D:1:      scummos_arrival_simple_crosswalls, layout_loops_corners,
          palyth_stone_intersect
D:2:      minmay_angry_zag, layout_basic
D:3:      layout_basic, nicolae_qazlal_style_of_elements
D:4:      layout_basic, serial_co_window_serial, co_window_corner_a,
          co_window_paths_b, co_window_corner_a, co_window_paths_a,
          co_window_paths_a, co_window_paths_a, co_window_of_opportunity_a,
          co_window_paths_b, co_window_paths_a, co_window_unsneaky_path_a,
          co_window_of_opportunity_b, co_window_corner_ca, co_window_corner_b,
          co_window_unsneaky_path_a, co_window_paths_c, co_window_sun,
          glass_columns_b, glass_columns_a, glass_columns_a,
          gup_sewer_entry_bowl, uniq_duvessa
Sewer:    sewer_kobolds

Skill      XL: |  1  2  3  4  5 |
---------------+----------------+-----
Short Blades   | 3 4 5 |  5.8
Fighting       | 4 |  4.6
Dodging        | |  2.1
Invocations    | |  2.9

Action                   |  1- 3 |  4- 6 || total
-------------------------+-------+-------++-------
Melee: Short sword       |   108 |    48 ||   156
       Tailslap          |    12 |    30 ||    42
       Unarmed           |       |    13 ||    13
       Dagger            |       |    72 ||    72
       Falchion          |       |   122 ||   122
Invok: Depart the Abyss  |     1 |       ||     1
       Bend Space        |       |     1 ||     1
Evoke: Wand              |       |     2 ||     2
  Use: Scroll            |     4 |     5 ||     9
       Potion            |       |     8 ||     8
 Stab: Sleeping          |     1 |     1 ||     2
Armor: Skin              |    24 |    76 ||   100
Dodge: Dodged            |    58 |   115 ||   173
       Rpst.: Falchion   |       |    23 ||    23

Table legend: (Time is in decaauts)
 A = Elapsed time spent in this place.
 B = Non-inter-level travel time spent in this place.
 C = Inter-level travel time spent in this place.
 D = Time resting spent in this place.
 E = Time spent auto-exploring this place.
 F = Levels seen in this place.
 G = Mean time per level.
                   A        B        C        D        E       F      G
               +--------+--------+--------+--------+--------+-----+--------+
         Total |   4100 |   4029 |     71 |    361 |   2920 |   7 |  585.7 |
       Dungeon |   3813 |   3742 |     71 |    361 |   2812 |   4 |  953.2 |
         Abyss |    105 |    105 |      0 |      0 |      9 |   2 |   52.5 |
         Sewer |    180 |    180 |      0 |      0 |     99 |   1 |  180.0 |
               +--------+--------+--------+--------+--------+-----+--------+

Top non-repeatable levels by time:
     D:3: 1464 daAuts
     D:2: 894 daAuts
     D:1: 863 daAuts
     D:4: 591 daAuts
   Sewer: 180 daAuts
 Abyss:1: 53 daAuts
 Abyss:2: 52 daAuts
